 Dungeon Crawl Stone Soup version 0.17-a0-1184-gb75be8f (webtiles) character file.

43 miau the Conjurer (level 3, 0/15 HPs)
             Began as a Felid Conjurer on June 1, 2015.
             Was an Initiate of Vehumet.
             Succumbed to an adder's poison
             ... on level 2 of the Dungeon.
             The game lasted 00:13:17 (1887 turns).

miau the Conjurer (Felid Conjurer)                  Turns: 1887, Time: 00:13:17

Health: 0/15       AC:  1    Str:  5    XL:     3   Next: 37%
Magic:  4/7        EV: 13    Int: 16    God:    Vehumet [......]
Gold:   44         SH:  0    Dex: 16    Spells: 2 memorised, 3 levels left
                                        Lives:  0   Deaths: 0

rFire  . . .     SeeInvis +     (weapon unavailable)
rCold  . . .     Clarity  .     (armour unavailable)
rNeg   . . .     SustAt   .     (shield unavailable)
rPois  .         Gourm    .     (helmet unavailable)
rElec  .         Spirit   .     (cloak unavailable)
rCorr  .         Warding  .     (gloves unavailable)
rMut   .         Stasis   .     (boots unavailable)
MR     .....                    (no amulet)
Stlth  +++.......               (no ring)
                                (no ring)

@: lethally poisoned (0 -> -2), quick, not resistant to hostile enchantments,
fairly stealthy
A: no armour, no weapons or thrown items, claws 1, fangs 3, see invisible,
carnivore 3, speed 1, shaggy fur 1, slow metabolism 1, sharp paws
a: Renounce Religion


You were on level 2 of the Dungeon.
You worshipped Vehumet.
Vehumet was noncommittal.
You were completely stuffed.

You visited 1 branch of the dungeon, and saw 2 of its levels.

You collected 44 gold pieces.

Inventory:

Magical devices
 c - a wand of digging (11)
 f - a wand of frost (29)
 h - a wand of frost (29)
Scrolls
 d - a scroll of magic mapping
 g - a scroll of enchant armour {unknown}
Potions
 e - a potion of haste
Books
 a - a book of Conjurations

   Spells                             Type                      Level
   a - Magic Dart                     Conjuration                  1
   b - Searing Ray                    Conjuration                  2
   c - Dazzling Spray                 Conjuration/Hexes            3
   d - Fulminant Prism                Conjuration/Hexes            4
   e - Iskenderun's Mystic Blast      Conjuration                  4
   f - Iskenderun's Battlesphere      Conjuration/Charms           5
Comestibles
 b - a meat ration


   Skills:
 * Level 1.0 Fighting
 + Level 3.0 Dodging
 + Level 2.6 Stealth
 + Level 2.4 Spellcasting
 + Level 4.2 Conjurations


You had 3 spell levels left.
You knew the following spells:

 Your Spells              Type           Power        Failure   Level  Hunger
a - Searing Ray           Conj           ###...       8%          2    ###....
z - Magic Dart            Conj           ###.         4%          1    #......


Dungeon Overview and Level Annotations

Branches:
Dungeon (2/15)

Altars:
Fedhas
Gozag
Kikubaaqudgha
Nemelex Xobeh
Vehumet
Yredelemnul
Zin

Annotations:
D:2 Ijyb, Sigmund


Innate Abilities, Weirdness & Mutations

You cannot wear armour.
You are incapable of wielding weapons or throwing items.
You have sharp claws.
You have razor-sharp teeth.
You have supernaturally acute eyesight.
You are carnivorous and can eat meat at any time.
You cover ground quickly.
You are covered in fur (AC +1).
You have a slow metabolism.
Your sharp claws are effective at attacking unaware monsters.


Message History

You butcher the adder corpse.
Things that are here:
a curved fluorescent wand; 2 chunks of flesh
c - a wand of digging You feel sick.
You're too full to eat anything.
* * * LOW HITPOINT WARNING * * *
You feel sick.
* * * LOW HITPOINT WARNING * * *
You feel sick.
A giant cockroach comes into view.
* * * LOW HITPOINT WARNING * * *
You feel sick.
You see here 2 chunks of flesh.
* * * LOW HITPOINT WARNING * * *
You feel sick.
* * * LOW HITPOINT WARNING * * *
You feel sick.
There is a stone staircase leading down here.
You die...

#<.#...# #. #.##.#
....#..#####. #.##.#
#............ #.##.#
#.###..##########.##.#
#............<##.#.#.#
.......######.<.###..###
#####.########.## ##...#
#...........###.##.#
##########.#@#.## .#
#.##.## # #.#### #.# #.#
#.# #.# #.# #########.#
#.# #.......%.# #.#
#.######### #.#


There were no monsters in sight!

Vanquished Creatures
  2 adders (D:2)
  3 ball pythons
  5 hobgoblins
  5 bats (D:1)
  3 giant cockroaches (D:1)
  A giant newt (D:1)
  4 goblins (D:1)
  3 rats
26 creatures vanquished.

Notes
Turn   | Place    | Note
--------------------------------------------------------------
     0 | D:1      | miau the Felid Conjurer began the quest for the Orb.
     0 | D:1      | Reached XP level 1. HP: 7/7 MP: 4/4
   518 | D:1      | Reached XP level 2. HP: 11/11 MP: 0/6
   522 | D:1      | Learned a level 2 spell: Searing Ray
   831 | D:1      | Reached skill level 4 in Conjurations
  1118 | D:2      | Noticed Ijyb
  1466 | D:2      | Found a glowing silver altar of Zin.
  1468 | D:2      | Found an ancient bone altar of Kikubaaqudgha.
  1470 | D:2      | Found an opulent altar of Gozag.
  1470 | D:2      | Found a blossoming altar of Fedhas.
  1470 | D:2      | Found a basalt altar of Yredelemnul.
  1470 | D:2      | Found a sparkling altar of Nemelex Xobeh.
  1470 | D:2      | Found a radiant altar of Vehumet.
  1496 | D:2      | Became a worshipper of Vehumet
  1511 | D:2      | Noticed Sigmund
  1621 | D:2      | Reached skill level 1 in Fighting
  1621 | D:2      | Reached XP level 3. HP: 15/15 MP: 4/7
  1887 | D:2      | Succumbed to an adder's poison

Vault maps used:
D:1:      scummos_arrival_forest
D:2:      grunt_temple_overflow_open, uniq_iyjb, uniq_sigmund

Action                   || total
-------------------------++-------
Melee: Unarmed           ||    18
 Cast: Magic Dart        ||    62
       Searing Ray       ||     4
  Use: Potion            ||     2
       Scroll            ||     2
  Eat: Chunk             ||    10
